 Dungeon Crawl Stone Soup version 0.31-a0-600-g62dffe198b (webtiles) character file.

Game seed: 1019776774956197652

1257 AdnanSaban the Cudgeller (level 8, 0/49 HPs)
             Began as a Gargoyle Fighter on Aug 21, 2023.
             Slain by an iguana (4 damage)
             ... on level 6 of the Dungeon.
             The game lasted 00:03:59 (5500 turns).

AdnanSaban the Cudgeller (Gargoyle Fighter)         Turns: 5500, Time: 00:03:59

Health: 0/49       AC: 19    Str: 21    XL:     8   Next: 51%
Magic:  8/8        EV:  6    Int: 10    God:
Gold:   242        SH:  5    Dex:  9    Spells: 7/7 levels left

rFire   . . .        a - +0 flail
rCold   . . .        c - +0 buckler
rNeg    + . .        i - +0 plate armour
rPois   ∞            (no helmet)
rElec   +            (no cloak)
rCorr   .            (no gloves)
SInv    .            s - +0 pair of boots
Will    .....        (no amulet) Stlth
                     (no ring)
HPRegen 0.28/turn    (no ring)
MPRegen 0.11/turn

%: no passive effects
@: no status effects
A: sickness immunity, AC +5, negative energy resistance 1, electricity
resistance, torment resistance 1, petrification resistance
a: no special abilities


You were on level 6 of the Dungeon.
You visited 2 branches of the dungeon, and saw 7 of its levels.

You collected 242 gold pieces.

Inventory:

Hand Weapons
 a - a +0 flail (weapon)
Armour
 c - a +0 buckler (worn)
 i - a +0 plate armour (worn)
 s - a +0 pair of boots (worn)
Jewellery
 m - an amulet of regeneration
Scrolls
 e - a scroll of fear {unknown}
 f - a scroll of torment {unknown}
 g - a scroll of enchant armour {unknown}
 h - 5 scrolls of noise {unknown}
 k - 2 scrolls of enchant weapon {unknown}
 l - a scroll of blinking {unknown}
 n - 2 scrolls of identify {unknown}
 t - 5 scrolls of teleportation {unknown}
 u - 2 scrolls of poison {unknown}
 v - a scroll of revelation {unknown}
 w - a scroll of fog {unknown}
Potions
 b - a potion of haste {unknown}
 d - 2 potions of might
 j - 2 potions of resistance {unknown}
 o - 3 potions of berserk rage {unknown}
 p - a potion of brilliance {unknown}
 q - a potion of curing {unknown}
 r - 2 potions of heal wounds {unknown}


   Skills:
 + Level 5.0 Fighting
 + Level 6.7 Maces & Flails
 + Level 6.3 Armour
 + Level 1.2 Dodging
 + Level 0.3 Stealth
 + Level 5.6 Shields


You had 7 spell levels left.
You didn't know any spells.
Your spell library contained the following spells:

 Spells                   Type           Power      Damage    Failure   Level
 Shock                    Conj/Air       0%         1d3       100%        1
 Swiftness                Air            0%         N/A       100%        3
 Airstrike                Air            0%         2d(0-16)  100%        4


Dungeon Overview and Level Annotations

Branches:
Dungeon (6/15)             Temple (1/1) D:6

Altars:
Ashenzari
Cheibriados
Dithmenos
Elyvilon
Fedhas
Gozag
Hepliaklqana
Kikubaaqudgha
Makhleb
Nemelex Xobeh
Qazlal
Ru
Sif Muna
Trog
Uskayaw
Vehumet
Wu Jian
Xom
Yredelemnul
Zin
The Shining One

Shops:
D:3 *


Innate Abilities, Weirdness & Mutations

You are immune to sickness and miasma.
Your stone body is resilient. (AC +5)
You are immune to poison.
You resist negative energy. (rN+)
You are resistant to electric shocks. (rElec)
You are resistant to unholy torment.
You are immune to petrification.


Message History

The black bear claws you but does no damage. x2
You hit the black bear.
The black bear is almost dead.
The black bear is no longer berserk.
The black bear bites you but does no damage.
The black bear barely misses you. You block the black bear's attack.
The black bear barely misses you.
The black bear claws you but does no damage. x2
You completely miss the black bear.
The black bear is almost dead.
You closely miss the black bear.
The black bear is almost dead.
The black bear closely misses you.
The black bear claws you but does no damage.
The black bear claws you.
* * * LOW HITPOINT WARNING * * *
You closely miss the black bear.
The black bear is almost dead.
The black bear bites you but does no damage.
The black bear claws you but does no damage. x2
Unknown command.
You barely miss the black bear.
The black bear is almost dead.
You closely miss the black bear.
The black bear is almost dead.
The black bear bites you but does no damage.
You block the black bear's attack.
The black bear claws you but does no damage.
You barely miss the black bear.
The black bear is almost dead.
The black bear bites you but does no damage.
The black bear claws you but does no damage. x2
You hit the black bear.
You kill the black bear!
Your Fighting skill increases to level 5!
You hit the iguana but do no damage. The iguana barely misses you.
You hit the iguana.
The iguana is lightly wounded.
The iguana bites you.
You die...

#. ##. #.## #...
... #... .....
#.#.. #..#
##..... #.#.#
#... .......
#.#.#
#..##.......
#.#.#
#...........
#.#.#
##l##......>
#.#.#####@#
###...#
#.........# ..#
#...#####........
# ## #.###
#####.... . #.#
#. #.# #.# #.#
#.# ##


You could see an iguana.

Vanquished Creatures
  Grinder (D:3)
  Eustachio (D:6)
  Menkaure (D:6)
  A water moccasin (D:6)
  An ice beast (D:6)
  A black bear (D:6)
  Blork the orc (D:6)
  A bullfrog (D:6)
  A scorpion (D:6)
  2 hounds
  3 iguanas
  A gnoll (D:4)
  11 adders
  2 ufetubi
  2 worms
  A dart slug (D:4)
  2 orcs
  6 endoplasms
  8 giant cockroaches
  5 goblins
  3 hobgoblins
  7 jackals (D:4)
  3 kobolds
  4 quokkas
  5 ball pythons
  6 bats
  A frilled lizard (D:3)
  8 rats
89 creatures vanquished.

Notes
Turn   | Place    | Note
-------+----------+-------------------------------------------
     0 | D:1      | AdnanSaban the Gargoyle Fighter began the quest for the
                  | Orb.
     0 | D:1      | Reached XP level 1. HP: 14/14 MP: 1/1
   129 | D:1      | Reached XP level 2. HP: 19/19 MP: 2/2
   573 | D:2      | Reached XP level 3. HP: 18/23 MP: 3/3
  1035 | D:2      | Reached XP level 4. HP: 23/29 MP: 4/4
  1198 | D:3      | Found Poicw's Assorted Antiques.
  1199 | D:3      | Noticed Grinder
  1312 | D:3      | Paralysed by Grinder for 3 turns
  1502 | D:3      | Killed Grinder
  1503 | D:3      | Reached XP level 5. HP: 26/33 MP: 5/5
  1503 | D:3      | Reached XP level 6. HP: 30/38 MP: 6/6
  1959 | D:3      | Found a shimmering blue altar of Sif Muna.
  1965 | D:3      | Found a hazy altar of Hepliaklqana.
  1974 | D:3      | Found a stormy altar of Qazlal.
  2957 | D:4      | Identified the +0 ring mail "Zonnarew" {Harm rPois Will+
                  | Regen+}
  3513 | D:4      | Found a bloodstained altar of Trog.
  3513 | D:4      | Found a sparkling altar of Nemelex Xobeh.
  3547 | D:5      | Entered Level 5 of the Dungeon
  3580 | D:5      | Reached XP level 7. HP: 41/44 MP: 7/7
  4502 | D:5      | Reached skill level 5 in Maces & Flails
  4810 | D:6      | Reached skill level 5 in Armour
  5002 | D:6      | Noticed Eustachio
  5091 | D:6      | Killed Eustachio
  5092 | D:6      | Reached skill level 5 in Shields
  5208 | D:6      | Reached XP level 8. HP: 48/48 MP: 8/8
  5211 | D:6      | Reached skill level 1 in Dodging
  5219 | D:6      | Noticed Menkaure
  5220 | D:6      | Found a staircase to the Ecumenical Temple.
  5225 | D:6      | Killed Menkaure
  5242 | Temple   | Entered the Ecumenical Temple
  5300 | D:6      | Noticed Blork the orc
  5313 | D:6      | Killed Blork the orc
  5493 | D:6      | HP: 1/48 [black bear (3)]
  5499 | D:6      | Reached skill level 5 in Fighting
  5500 | D:6      | Slain by an iguana

Illustrated notes

Levels and vault maps discovered:
D:1:      wander_arrival_chamber, layout_rooms
D:2:      layout_basic, moated_statue, minmay_crystal_water
D:3:      layout_basic, minmay_overflow_temple_star_quad, serial_shops,
          shop_fountains, serial_co_window_serial, co_window_of_opportunity_a,
          co_window_paths_b, co_window_paths_b, co_window_corner_a,
          co_window_paths_a, co_window_of_opportunity_a, co_window_corner_b,
          co_window_broadway_b, co_window_corner_ca, co_window_of_opportunity_b,
          co_window_2corner, co_window_unsneaky_path_e, co_window_4corner_a,
          serial_bayou_crossing, uniq_grinder
D:4:      layout_basic, gammafunk_temple_overflow_pools, kennysheep_small_circle
D:5:      layout_layer_cave, hangedman_abyss_or_decor_passed
D:6:      layout_loops_ring, minmay_temple_entry_waves, grunt_ministairs_11,
          uniq_eustachio, uniq_blork_the_orc, uniq_menkaure
Temple:   minmay_temple_bridge_d

Skill      XL: |  1  2  3  4  5  6  7  8 |
---------------+-------------------------+-----
Shields        | 4 5 |  5.6
Fighting       | 4 5 |  5.0
Maces & Flails | 4 5 6 |  6.7
Armour         | 4 5 6 |  6.3
Dodging        | 1 |  1.2
Stealth        | |  0.3

Action                     |  1- 3 |  4- 6 |  7- 9 || total
---------------------------+-------+-------+-------++-------
  Melee: Flail             |    96 |   222 |   171 ||   489
 Armour: Scale mail        |    22 |       |       ||    22
         Plate armour      |    48 |   134 |   187 ||   369
  Dodge: Dodged            |    42 |    78 |    73 ||   193
  Block: Buckler           |    21 |    50 |    55 ||   126

Table legend: (Time is in decaauts)
 A = Elapsed time spent in this place.
 B = Non-inter-level travel time spent in this place.
 C = Inter-level travel time spent in this place.
 D = Time resting spent in this place.
 E = Time spent auto-exploring this place.
 F = Levels seen in this place.
 G = Mean time per level.
                   A        B        C        D        E       F      G
               +--------+--------+--------+--------+--------+-----+--------+
         Total |   5622 |   5494 |    128 |    173 |   4292 |   7 |  803.1 |
       Dungeon |   5620 |   5492 |    128 |    173 |   4292 |   6 |  936.7 |
        Temple |      1 |      1 |      0 |      0 |      0 |   1 |    1.0 |
               +--------+--------+--------+--------+--------+-----+--------+

Top non-repeatable levels by time:
     D:5: 1234 daAuts
     D:3: 1220 daAuts
     D:4: 930 daAuts
     D:2: 919 daAuts
     D:6: 743 daAuts
     D:1: 572 daAuts
  Temple: 1 daAuts
